Blue Jackets vs Jets
(R1)
Created - March 11, 2019 at 19:07
Goals
|
| Blue Jackets |
0 |
0 |
1 |
1 |
| Jets |
1 |
1 |
1 |
3 |
|
Shots
|
| Blue Jackets |
9 |
7 |
11 |
27 |
| Jets |
11 |
11 |
5 |
27 |
|
1st period
1. Jets , Ronalds Kenins 4 (Joe Colborne 13) at 13:03
Penalties :
Erik Haula (Win) for Tripping (Minor) at 6:56, Branislav Mezei (Clb) for High sticking (Minor) at 10:06, Brenden Morrow (Clb) for Hooking (Minor) at 13:17, Pavel Datsyuk (Clb) for Hooking (Minor) at 16:25
2nd period
2. Jets , Benoit Pouliot 27 (Derek Stepan 44, Oscar Klefbom 4) at 10:03 (PP)
Penalties :
Oscar Klefbom (Win) for Holding (Minor) at 7:27, Tyler Kennedy (Clb) for Diving (Minor) at 9:47, Tyler Myers (Win) for Roughing (Minor) at 15:05
3rd period
3. Blue Jackets , Mike Comrie 14 (Branislav Mezei 14, Kurtis Foster 11) at 1:32
4. Jets , Derek Roy 14 (Matt Cooke 9) at 12:36
Penalties :
Dennis Wideman (Clb) for Interference (Minor) at 2:38, Max Pacioretty (Clb) for Roughing (Minor) at 5:38, Pavel Datsyuk (Clb) for Slashing (Minor) at 14:20, Pavel Datsyuk (Clb) for Tripping (Minor) at 16:46
Goalie Stats
Rick DiPietro (Clb), 24 saves from 27 shots - (0.889), L, 29-21-7, 60:00 minutes
Jonathan Bernier (Win), 26 saves from 27 shots - (0.963), W, 20-10-3, 60:00 minutes
Players Stats for Blue Jackets
Player Name G A P +/- PIM S H SB GA TA FO MP PP MP PK MP
------------------------------------------------------------------------------------
A.J Thelen 0 0 0 0 0 1 0 3 1 0 0/0 11:28 0:00 1:46
Andreas Nodl 0 0 0 1 0 5 4 1 0 0 0/0 13:52 2:20 0:00
Branislav Mezei 0 1 1 0 2 2 0 1 0 0 0/0 21:39 2:10 5:23
Brenden Morrow 0 0 0 1 2 2 0 0 1 0 0/1 19:01 2:20 4:56
Dennis Wideman 0 0 0 -1 2 0 0 2 0 2 0/0 27:29 3:47 7:00
Kevin Porter 0 0 0 0 0 0 0 1 0 0 2/4 7:54 0:00 3:05
Kurtis Foster 0 1 1 0 0 1 0 2 0 0 0/0 22:20 2:10 6:15
Martin Havlat 0 0 0 -2 0 1 0 1 1 0 1/2 22:39 3:37 6:54
Max Pacioretty 0 0 0 -1 2 3 6 0 0 0 0/1 17:34 3:37 2:27
Mike Comrie 1 0 1 1 0 3 2 0 0 0 5/11 14:34 2:20 0:34
Mike Lundin 0 0 0 -1 0 1 2 0 0 0 0/0 28:17 3:47 7:54
Mike York 0 0 0 0 0 0 0 0 0 0 0/0 6:22 0:00 1:39
Patrick O'Sullivan 0 0 0 0 0 0 0 0 0 0 0/0 1:30 0:00 0:00
Pavel Datsyuk 0 0 0 -1 6 1 2 0 1 0 13/27 23:13 3:37 4:09
Peter Mueller 0 0 0 0 0 2 2 1 0 0 4/7 10:43 0:00 0:00
Rostislav Olesz 0 0 0 -1 0 1 3 0 0 0 2/3 16:29 0:00 4:34
Ryan Wilson 0 0 0 -1 0 1 0 2 0 0 0/0 9:57 0:00 0:00
Tyler Kennedy 0 0 0 0 2 3 1 1 0 0 0/0 10:42 0:00 0:00
Players Stats for Jets
Player Name G A P +/- PIM S H SB GA TA FO MP PP MP PK MP
------------------------------------------------------------------------------------
Benoit Pouliot 1 0 1 0 0 3 1 0 0 0 0/2 18:30 6:56 0:35
Corey Perry 0 0 0 0 0 2 1 0 0 0 1/2 20:44 7:05 1:10
Derek Roy 1 0 1 1 0 2 2 0 0 1 3/7 17:26 6:31 2:13
Derek Stepan 0 1 1 0 0 1 0 0 0 0 12/19 18:07 7:28 0:00
Eric Gelinas 0 0 0 0 0 0 2 0 1 0 0/0 22:29 5:44 3:47
Erik Haula 0 0 0 0 2 2 4 0 0 1 1/4 16:07 0:51 2:31
Jacob Trouba 0 0 0 1 0 2 1 0 0 1 0/0 15:32 0:00 2:10
Jared Spurgeon 0 0 0 1 0 0 0 0 0 0 0/0 9:16 0:00 0:00
Joe Colborne 0 1 1 0 0 0 1 0 0 0 2/5 9:13 0:19 0:00
Kevin Hayes 0 0 0 0 0 0 1 0 0 0 0/1 8:30 0:00 0:00
Lee Stempniak 0 0 0 1 0 1 0 0 0 0 0/0 9:27 0:33 0:00
Marco Scandella 0 0 0 0 0 2 1 1 0 0 0/0 28:13 8:25 3:47
Matt Cooke 0 1 1 1 0 2 0 0 0 0 1/1 8:28 0:00 0:00
Mike Richards 0 0 0 0 0 6 2 0 1 1 9/15 18:23 6:22 2:00
Nino Niederreiter 0 0 0 0 0 2 2 0 0 0 0/0 19:48 6:22 3:25
Oscar Klefbom 0 1 1 0 2 0 0 0 0 0 0/0 19:06 8:25 0:39
Ronalds Kenins 1 0 1 0 0 1 1 0 0 0 0/0 8:30 0:00 0:00
Tyler Myers 0 0 0 0 2 1 2 1 0 0 0/0 26:11 5:44 1:31
3 Stars
1 - Jonathan Bernier (Win)
2 - Derek Roy (Win)
3 - Benoit Pouliot (Win)
Power Play
Blue Jackets - 0 on 3 Attempt(s) - 0.00%
Jets - 1 on 8 Attempt(s) - 12.50%
Penalty Kill
Blue Jackets - 7 on 8 Attempt(s) - 87.50%
- Score 0 goal in Penalty Kill
Jets - 3 on 3 Attempt(s) - 100.00%
- Score 0 goal in Penalty Kill
Team Stat
Blue Jackets - Hits : 22 - Faceoff Wins : 27 - Blocked Shots : 15 - Penalty Minutes : 16
Jets - Hits : 21 - Faceoff Wins : 29 - Blocked Shots : 2 - Penalty Minutes : 6
Official
Referees : Unknown
Linesman : Unknown
Game Notes
No Game Note
Finance
Level 1 -- Attendance: 6000 (100.00%) -- Ticket Income $546,000
Level 2 -- Attendance: 5000 (100.00%) -- Ticket Income $260,000
Level 3 -- Attendance: 1561 (78.05%) -- Ticket Income $59,318
Level 4 -- Attendance: 4000 (100.00%) -- Ticket Income $104,000
Luxury Box -- Attendance: 969 (96.90%) -- Ticket Income $158,916
Game was played at the MTS Center.
Total Attendance: 17530 (97.39%)
Total Ticket Income: $1,128,234
Other Income: $169,235
Total Income: $1,297,469
Blue Jackets
5 vs 5 Forward
Center Left Wing Right Wing Time % Phy DF OF
1 Pavel Datsyuk Max Pacioretty Martin Havlat 40 1 2 2
2 Mike Comrie Brenden Morrow Andreas Nodl 30 1 2 2
3 Peter Mueller Rostislav Olesz Tyler Kennedy 20 1 2 2
4 Kevin Porter Mike York Pavel Datsyuk 10 1 2 2
5 vs 5 Defense
Defense Defense Time % Phy DF OF
1 Mike Lundin Dennis Wideman 40 1 2 2
2 Kurtis Foster Branislav Mezei 30 1 2 2
3 Ryan Wilson A.J Thelen 20 1 2 2
4 Mike Lundin Dennis Wideman 10 1 2 2
PowerPlay Forward
Center Left Wing Right Wing Time % Phy DF OF
1 Pavel Datsyuk Max Pacioretty Martin Havlat 60 1 2 2
2 Mike Comrie Brenden Morrow Andreas Nodl 40 1 2 2
PowerPlay Defense
Defense Defense Time % Phy DF OF
1 Mike Lundin Dennis Wideman 60 1 2 2
2 Kurtis Foster Branislav Mezei 40 1 2 2
Penalty Kill 4 Players Forward
Center Wing Time % Phy DF OF
1 Pavel Datsyuk Martin Havlat 60 1 2 2
2 Max Pacioretty Brenden Morrow 40 1 2 2
Penalty Kill 4 Players Defense
Defense Defense Time % Phy DF OF
1 Mike Lundin Dennis Wideman 60 1 2 2
2 Kurtis Foster Branislav Mezei 40 1 2 2
Penalty Kill - 3 Players Forward
Forward Time % Phy DF OF
1 Pavel Datsyuk 60 1 2 2
2 Martin Havlat 40 1 2 2
Penalty Kill - 3 Players Defense
Defense Defense Time % Phy DF OF
1 Mike Lundin Dennis Wideman 60 1 2 2
2 Kurtis Foster Branislav Mezei 40 1 2 2
4 vs 4 Forward
Center Wing Time % Phy DF OF
1 Pavel Datsyuk Martin Havlat 60 1 2 2
2 Max Pacioretty Brenden Morrow 40 1 2 2
4 vs 4 Defense
Defense Defense Time % Phy DF OF
1 Mike Lundin Dennis Wideman 60 1 2 2
2 Kurtis Foster Branislav Mezei 40 1 2 2
Last Minutes Offensive
Center Left Wing Right Wing Defense Defense
Pavel Datsyuk Max Pacioretty Martin Havlat Mike Lundin Dennis Wideman
Last Minutes Defensive
Center Left Wing Right Wing Defense Defense
Pavel Datsyuk Max Pacioretty Martin Havlat Mike Lundin Dennis Wideman
Goaltenders
Starting : Rick DiPietro
Backup : Marek Schwarz
Extra Forwards
Normal : Patrick O'Sullivan, Peter Mueller, Rostislav Olesz - PP : Patrick O'Sullivan, Peter Mueller - PK : Rostislav Olesz
Extra Defensemen
Normal : Ryan Wilson, A.J Thelen, Kurtis Foster - PP : Ryan Wilson - PK : A.J Thelen, Kurtis Foster
Penalty Shots
Pavel Datsyuk, Martin Havlat, Max Pacioretty, Brenden Morrow, Mike Comrie
Scratches
Andrew Gordon (Healthy), Devin Setoguchi (Healthy), Cam Fowler (Left Leg Injury)
Jets
5 vs 5 Forward
Center Left Wing Right Wing Time % Phy DF OF
1 Derek Stepan Erik Haula Corey Perry 37 1 2 2
2 Mike Richards Benoit Pouliot Nino Niederreiter 33 1 2 2
3 Derek Roy Matt Cooke Lee Stempniak 20 1 2 2
4 Joe Colborne Ronalds Kenins Kevin Hayes 10 1 2 2
5 vs 5 Defense
Defense Defense Time % Phy DF OF
1 Marco Scandella Tyler Myers 38 1 2 2
2 Jacob Trouba Eric Gelinas 30 1 2 2
3 Jared Spurgeon Oscar Klefbom 22 1 2 2
4 Marco Scandella Tyler Myers 10 1 2 2
PowerPlay Forward
Center Left Wing Right Wing Time % Phy DF OF
1 Derek Stepan Benoit Pouliot Corey Perry 60 0 0 5
2 Mike Richards Nino Niederreiter Derek Roy 40 0 1 4
PowerPlay Defense
Defense Defense Time % Phy DF OF
1 Marco Scandella Oscar Klefbom 60 0 1 4
2 Eric Gelinas Tyler Myers 40 0 1 4
Penalty Kill 4 Players Forward
Center Wing Time % Phy DF OF
1 Erik Haula Nino Niederreiter 60 0 4 1
2 Derek Roy Mike Richards 40 0 4 1
Penalty Kill 4 Players Defense
Defense Defense Time % Phy DF OF
1 Marco Scandella Eric Gelinas 60 1 4 0
2 Tyler Myers Jacob Trouba 40 1 4 0
Penalty Kill - 3 Players Forward
Forward Time % Phy DF OF
1 Erik Haula 60 0 4 1
2 Nino Niederreiter 40 0 4 1
Penalty Kill - 3 Players Defense
Defense Defense Time % Phy DF OF
1 Marco Scandella Eric Gelinas 60 1 4 0
2 Jacob Trouba Tyler Myers 40 0 5 0
4 vs 4 Forward
Center Wing Time % Phy DF OF
1 Derek Stepan Corey Perry 60 1 2 2
2 Mike Richards Benoit Pouliot 40 1 2 2
4 vs 4 Defense
Defense Defense Time % Phy DF OF
1 Tyler Myers Marco Scandella 60 1 2 2
2 Oscar Klefbom Eric Gelinas 40 1 2 2
Last Minutes Offensive
Center Left Wing Right Wing Defense Defense
Derek Stepan Benoit Pouliot Corey Perry Tyler Myers Marco Scandella
Last Minutes Defensive
Center Left Wing Right Wing Defense Defense
Derek Roy Erik Haula Nino Niederreiter Marco Scandella Tyler Myers
Goaltenders
Starting : Jonathan Bernier
Backup : Kari Lehtonen
Extra Forwards
Normal : Benoit Pouliot, Derek Stepan, Corey Perry - PP : Benoit Pouliot, Derek Stepan - PK : Corey Perry
Extra Defensemen
Normal : Tyler Myers, Marco Scandella, Eric Gelinas - PP : Marco Scandella - PK : Marco Scandella, Eric Gelinas
Penalty Shots
Benoit Pouliot, Mike Richards, Corey Perry, Derek Stepan, Erik Haula
Scratches
Marcus Johansson (Right Knee Injury)
% Time on Ice - Blue Jackets
Lines # - Real PCT - Wanted PCT - Time Play
Normal Forward
1 - 33% - 40% - 13:05
2 - 29% - 30% - 11:32
3 - 27% - 20% - 10:43
4 - 11% - 10% - 4:34
Normal Defense
1 - 40% - 40% - 15:46
2 - 33% - 30% - 13:09
3 - 25% - 20% - 9:57
4 - 3% - 10% - 1:02
PP Forward
1 - 61% - 60% - 3:37
2 - 39% - 40% - 2:20
PP Defense
1 - 64% - 60% - 3:47
2 - 36% - 40% - 2:10
PK Forward
1 - 78% - 60% - 11:02
2 - 22% - 40% - 3:07
PK Defense
1 - 58% - 60% - 8:15
2 - 42% - 40% - 5:54
PK3 Forward
1 - 0% - 60%
2 - 0% - 40%
PK3 Defense
1 - 0% - 60%
2 - 0% - 40%
44 Forward
1 - 0% - 60%
2 - 0% - 40%
44 Defense
1 - 0% - 60%
2 - 0% - 40%
Last Minute Offensive - 0:00
Last Minute Defensive - 0:00
Total
Forward - 60:00
Defense - 60:00
|
% Time on Ice - Jets
Lines # - Real PCT - Wanted PCT - Time Play
Normal Forward
1 - 32% - 37% - 12:46
2 - 25% - 33% - 10:10
3 - 21% - 20% - 8:28
4 - 21% - 10% - 8:30
Normal Defense
1 - 38% - 38% - 15:19
2 - 37% - 30% - 14:37
3 - 23% - 22% - 9:16
4 - 2% - 10% - 0:42
PP Forward
1 - 54% - 60% - 7:35
2 - 46% - 40% - 6:34
PP Defense
1 - 59% - 60% - 8:25
2 - 41% - 40% - 5:44
PK Forward
1 - 71% - 60% - 4:13
2 - 29% - 40% - 1:44
PK Defense
1 - 64% - 60% - 3:47
2 - 36% - 40% - 2:10
PK3 Forward
1 - 0% - 60%
2 - 0% - 40%
PK3 Defense
1 - 0% - 60%
2 - 0% - 40%
44 Forward
1 - 0% - 60%
2 - 0% - 40%
44 Defense
1 - 0% - 60%
2 - 0% - 40%
Last Minute Offensive - 0:00
Last Minute Defensive - 0:00
Total
Forward - 60:00
Defense - 60:00
|
Play-by-Play
1st period
0:01 of 1st period - Derek Stepan wins face-off versus Pavel Datsyuk in neutral zone.
0:04 of 1st period - Pavel Datsyuk is hit by Tyler Myers and loses puck.
0:43 of 1st period - Icing by Mike Lundin.
0:44 of 1st period - Derek Roy wins face-off versus Peter Mueller in Blue Jackets zone.
0:57 of 1st period - Snap shot by Peter Mueller.
0:57 of 1st period - Stopped by Jonathan Bernier with a rebound.
0:59 of 1st period - Slapshot by Mike Lundin.
0:59 of 1st period - Deflect By Matt Cooke.
0:59 of 1st period - Stopped by Jonathan Bernier without a rebound.
1:00 of 1st period - Kevin Porter wins face-off versus Kevin Hayes in Jets zone.
1:54 of 1st period - Wrist shot by Pavel Datsyuk.
1:54 of 1st period - Stopped by Jonathan Bernier with a rebound.
2:06 of 1st period - Dennis Wideman is hit by Derek Roy and loses puck.
2:34 of 1st period - Oscar Klefbom is hit by Andreas Nodl and loses puck.
3:01 of 1st period - Nino Niederreiter is hit by Andreas Nodl and loses puck.
3:10 of 1st period - Snap shot by Andreas Nodl.
3:10 of 1st period - Shot Hit the Post.
3:28 of 1st period - Snap shot by Benoit Pouliot.
3:28 of 1st period - Stopped by Rick DiPietro without a rebound.
3:29 of 1st period - Derek Stepan wins face-off versus Martin Havlat in Blue Jackets zone.
3:58 of 1st period - Icing by Eric Gelinas.
3:59 of 1st period - Peter Mueller wins face-off versus Derek Roy in Jets zone.
4:24 of 1st period - Dennis Wideman is hit by Erik Haula and loses puck.
4:35 of 1st period - Slapshot by Erik Haula.
4:35 of 1st period - Shot Misses the Net.
4:37 of 1st period - Slapshot by Jared Spurgeon.
4:37 of 1st period - Shot Blocked by Martin Havlat.
5:09 of 1st period - Wrist shot by Kevin Hayes.
5:09 of 1st period - Shot Blocked by Peter Mueller.
5:42 of 1st period - Snap shot by Andreas Nodl.
5:42 of 1st period - Shot Hit the Post.
5:44 of 1st period - Slapshot by Branislav Mezei.
5:44 of 1st period - Stopped by Jonathan Bernier with a rebound.
5:46 of 1st period - Slapshot by Kurtis Foster.
5:46 of 1st period - Shot Misses the Net.
5:48 of 1st period - Slapshot by Branislav Mezei.
5:48 of 1st period - Stopped by Jonathan Bernier with a rebound.
5:50 of 1st period - Wrist shot by Kurtis Foster.
5:50 of 1st period - Deflect By Marco Scandella.
5:50 of 1st period - Stopped by Jonathan Bernier with a rebound.
5:52 of 1st period - Snap shot by Brenden Morrow.
5:52 of 1st period - Shot Blocked by Marco Scandella.
6:12 of 1st period - Slapshot by Matt Cooke.
6:12 of 1st period - Stopped by Rick DiPietro with a rebound.
6:24 of 1st period - Mike Lundin is hit by Joe Colborne and loses puck.
6:31 of 1st period - Wrist shot by Joe Colborne.
6:31 of 1st period - Shot Misses the Net.
6:33 of 1st period - Slapshot by Jared Spurgeon.
6:33 of 1st period - Deflect By Kevin Hayes.
6:33 of 1st period - Shot Misses the Net.
6:33 of 1st period - Puck is out of play.
6:34 of 1st period - Mike Comrie wins face-off versus Derek Stepan in Blue Jackets zone.
6:34 of 1st period - Mike Comrie is hit by Erik Haula.
6:56 of 1st period - Minor Penalty to Erik Haula for Tripping.
6:57 of 1st period - Pavel Datsyuk wins face-off versus Corey Perry in Jets zone.
7:47 of 1st period - Slapshot by Nino Niederreiter.
7:47 of 1st period - Stopped by Rick DiPietro without a rebound.
7:48 of 1st period - Pavel Datsyuk wins face-off versus Derek Roy in Blue Jackets zone.
8:56 of 1st period - Penalty to Erik Haula is over, Erik Haula is back on ice.
9:11 of 1st period - Snap shot by Benoit Pouliot.
9:11 of 1st period - Shot Misses the Net.
9:13 of 1st period - Wrist shot by Corey Perry.
9:13 of 1st period - Shot Blocked by Ryan Wilson.
9:15 of 1st period - Slapshot by Tyler Myers.
9:15 of 1st period - Shot Blocked by A.J Thelen.
9:17 of 1st period - Slapshot by Jacob Trouba.
9:17 of 1st period - Stopped by Rick DiPietro with a rebound.
9:19 of 1st period - Slapshot by Tyler Myers.
9:19 of 1st period - Shot Blocked by A.J Thelen.
9:23 of 1st period - Snap shot by Corey Perry.
9:23 of 1st period - Shot Misses the Net.
9:25 of 1st period - Slapshot by Tyler Myers.
9:25 of 1st period - Stopped by Rick DiPietro with a rebound.
9:27 of 1st period - Wrist shot by Benoit Pouliot.
9:27 of 1st period - Shot Blocked by Ryan Wilson.
9:54 of 1st period - Wrist shot by Benoit Pouliot.
9:54 of 1st period - Stopped by Rick DiPietro with a rebound.
9:56 of 1st period - Snap shot by Corey Perry.
9:56 of 1st period - Stopped by Rick DiPietro with a rebound.
9:58 of 1st period - Wrist shot by Erik Haula.
9:58 of 1st period - Stopped by Rick DiPietro without a rebound.
9:59 of 1st period - Derek Roy wins face-off versus Pavel Datsyuk in Blue Jackets zone.
10:04 of 1st period - Wrist shot by Lee Stempniak.
10:04 of 1st period - Shot Misses the Net.
10:06 of 1st period - Minor Penalty to Branislav Mezei for High sticking.
10:07 of 1st period - Pavel Datsyuk wins face-off versus Mike Richards in Blue Jackets zone.
10:20 of 1st period - Snap shot by Mike Richards.
10:20 of 1st period - Stopped by Rick DiPietro with a rebound.
10:22 of 1st period - Snap shot by Derek Roy.
10:22 of 1st period - Shot Misses the Net.
12:06 of 1st period - Penalty to Branislav Mezei is over, Branislav Mezei is back on ice.
12:25 of 1st period - Tyler Myers is hit by Rostislav Olesz and loses puck.
12:38 of 1st period - Ronalds Kenins is hit by Rostislav Olesz.
13:03 of 1st period - Slapshot by Ronalds Kenins.
13:03 of 1st period - Goal by Ronalds Kenins - Blue Jackets : 0 - Jets : 1.
13:04 of 1st period - Mike Richards wins face-off versus Brenden Morrow in neutral zone.
13:13 of 1st period - Wrist shot by Mike Richards.
13:13 of 1st period - Stopped by Rick DiPietro without a rebound.
13:14 of 1st period - Mike Comrie wins face-off versus Benoit Pouliot in Blue Jackets zone.
13:14 of 1st period - Mike Comrie is hit by Benoit Pouliot.
13:17 of 1st period - Minor Penalty to Brenden Morrow for Hooking.
13:18 of 1st period - Derek Stepan wins face-off versus Pavel Datsyuk in Blue Jackets zone.
13:32 of 1st period - Wrist shot by Derek Stepan.
13:32 of 1st period - Shot Blocked by Dennis Wideman.
13:34 of 1st period - Snap shot by Marco Scandella.
13:34 of 1st period - Shot Misses the Net.
13:48 of 1st period - Rostislav Olesz is hit by Mike Richards and loses puck.
15:17 of 1st period - Penalty to Brenden Morrow is over, Brenden Morrow is back on ice.
15:30 of 1st period - Slapshot by A.J Thelen.
15:30 of 1st period - Stopped by Jonathan Bernier with a rebound.
15:32 of 1st period - Slapshot by Brenden Morrow.
15:32 of 1st period - Stopped by Jonathan Bernier without a rebound.
15:33 of 1st period - Joe Colborne wins face-off versus Mike Comrie in Jets zone.
16:25 of 1st period - Minor Penalty to Pavel Datsyuk for Hooking.
16:26 of 1st period - Rostislav Olesz wins face-off versus Derek Stepan in Blue Jackets zone.
18:25 of 1st period - Penalty to Pavel Datsyuk is over, Pavel Datsyuk is back on ice.
19:05 of 1st period - Wrist shot by Brenden Morrow.
19:05 of 1st period - Stopped by Jonathan Bernier without a rebound.
19:06 of 1st period - Mike Comrie wins face-off versus Joe Colborne in Jets zone.
Goals for this period are 0 for Blue Jackets vs 1 for Jets.
Shots for this period are 9 for Blue Jackets vs 11 for Jets.
2nd period
0:01 of 2nd period - Mike Richards wins face-off versus Pavel Datsyuk in neutral zone.
0:04 of 2nd period - Slapshot by Marco Scandella.
0:04 of 2nd period - Stopped by Rick DiPietro with a rebound.
0:12 of 2nd period - Snap shot by Pavel Datsyuk.
0:12 of 2nd period - Deflect By Martin Havlat.
0:12 of 2nd period - Stopped by Jonathan Bernier with a rebound.
0:14 of 2nd period - Slapshot by Mike Lundin.
0:14 of 2nd period - Deflect By Max Pacioretty.
0:14 of 2nd period - Shot Misses the Net.
0:14 of 2nd period - Puck is out of play.
0:15 of 2nd period - Pavel Datsyuk wins face-off versus Derek Stepan in Jets zone.
0:18 of 2nd period - Wrist shot by Max Pacioretty.
0:18 of 2nd period - Shot Blocked by Tyler Myers.
0:29 of 2nd period - Icing by Marco Scandella.
0:30 of 2nd period - Derek Stepan wins face-off versus Mike Comrie in Jets zone.
0:35 of 2nd period - Snap shot by Andreas Nodl.
0:35 of 2nd period - Shot Misses the Net.
0:37 of 2nd period - Snap shot by Andreas Nodl.
0:37 of 2nd period - Stopped by Jonathan Bernier with a rebound.
0:57 of 2nd period - Slapshot by Tyler Myers.
0:57 of 2nd period - Deflect By Mike Richards.
0:57 of 2nd period - Stopped by Rick DiPietro with a rebound.
0:59 of 2nd period - Snap shot by Mike Richards.
0:59 of 2nd period - Stopped by Rick DiPietro without a rebound.
1:00 of 2nd period - Mike Richards wins face-off versus Pavel Datsyuk in Blue Jackets zone.
1:07 of 2nd period - Snap shot by Benoit Pouliot.
1:07 of 2nd period - Shot Misses the Net.
1:09 of 2nd period - Wrist shot by Benoit Pouliot.
1:09 of 2nd period - Deflect By Nino Niederreiter.
1:09 of 2nd period - Stopped by Rick DiPietro without a rebound.
1:10 of 2nd period - Pavel Datsyuk wins face-off versus Mike Richards in Blue Jackets zone.
1:17 of 2nd period - Backhand shot by Max Pacioretty.
1:17 of 2nd period - Stopped by Jonathan Bernier with a rebound.
1:48 of 2nd period - Icing by Kurtis Foster.
1:49 of 2nd period - Mike Richards wins face-off versus Mike Comrie in Blue Jackets zone.
2:16 of 2nd period - Marco Scandella is hit by Max Pacioretty and loses puck.
4:01 of 2nd period - Slapshot by Lee Stempniak.
4:01 of 2nd period - Stopped by Rick DiPietro with a rebound.
4:03 of 2nd period - Slapshot by Marco Scandella.
4:03 of 2nd period - Shot Blocked by A.J Thelen.
4:18 of 2nd period - Off-side.
4:19 of 2nd period - Joe Colborne wins face-off versus Mike Comrie in neutral zone.
5:45 of 2nd period - Wrist shot by Ronalds Kenins.
5:45 of 2nd period - Shot Blocked by Tyler Kennedy.
5:47 of 2nd period - Wrist shot by Eric Gelinas.
5:47 of 2nd period - Deflect By Ronalds Kenins.
5:47 of 2nd period - Shot Blocked by Kurtis Foster.
5:47 of 2nd period - Puck is out of play.
5:48 of 2nd period - Martin Havlat wins face-off versus Derek Stepan in Blue Jackets zone.
5:55 of 2nd period - Wrist shot by Max Pacioretty.
5:55 of 2nd period - Shot Misses the Net.
6:01 of 2nd period - Snap shot by Corey Perry.
6:01 of 2nd period - Stopped by Rick DiPietro without a rebound.
6:02 of 2nd period - Mike Richards wins face-off versus Pavel Datsyuk in Blue Jackets zone.
6:29 of 2nd period - Andreas Nodl is hit by Marco Scandella and loses puck.
6:36 of 2nd period - Wrist shot by Derek Roy.
6:36 of 2nd period - Stopped by Rick DiPietro without a rebound.
6:37 of 2nd period - Corey Perry wins face-off versus Max Pacioretty in Blue Jackets zone.
6:51 of 2nd period - Icing by Erik Haula.
6:52 of 2nd period - Derek Stepan wins face-off versus Mike Comrie in Jets zone.
6:52 of 2nd period - Erik Haula is hit by Mike Comrie and loses puck.
7:11 of 2nd period - Wrist shot by Corey Perry.
7:11 of 2nd period - Shot Misses the Net.
7:13 of 2nd period - Snap shot by Corey Perry.
7:13 of 2nd period - Shot Misses the Net.
7:15 of 2nd period - Wrist shot by Corey Perry.
7:15 of 2nd period - Shot Misses the Net.
7:25 of 2nd period - Snap shot by Mike Comrie.
7:25 of 2nd period - Shot Misses the Net.
7:27 of 2nd period - Minor Penalty to Oscar Klefbom for Holding.
7:28 of 2nd period - Erik Haula wins face-off versus Pavel Datsyuk in Jets zone.
7:28 of 2nd period - Erik Haula is hit by Max Pacioretty.
7:37 of 2nd period - Off-side.
7:38 of 2nd period - Pavel Datsyuk wins face-off versus Erik Haula in neutral zone.
8:22 of 2nd period - Slapshot by Pavel Datsyuk.
8:22 of 2nd period - Shot Misses the Net.
8:24 of 2nd period - Wrist shot by Max Pacioretty.
8:24 of 2nd period - Stopped by Jonathan Bernier with a rebound.
8:26 of 2nd period - Snap shot by Max Pacioretty.
8:26 of 2nd period - Deflect By Martin Havlat.
8:26 of 2nd period - Shot Misses the Net.
8:26 of 2nd period - Puck is out of play.
8:27 of 2nd period - Mike Comrie wins face-off versus Erik Haula in Jets zone.
9:27 of 2nd period - Penalty to Oscar Klefbom is over, Oscar Klefbom is back on ice.
9:47 of 2nd period - Minor Penalty to Tyler Kennedy for Diving.
9:48 of 2nd period - Derek Stepan wins face-off versus Pavel Datsyuk in Blue Jackets zone.
10:03 of 2nd period - Wrist shot by Benoit Pouliot.
10:03 of 2nd period - Goal by Benoit Pouliot - Blue Jackets : 0 - Jets : 2.
10:04 of 2nd period - Mike Richards wins face-off versus Pavel Datsyuk in neutral zone.
10:33 of 2nd period - Tyler Myers is hit by Andreas Nodl and loses puck.
11:08 of 2nd period - Slapshot by Mike Lundin.
11:08 of 2nd period - Deflect By Tyler Kennedy.
11:08 of 2nd period - Stopped by Jonathan Bernier with a rebound.
11:24 of 2nd period - Wrist shot by Matt Cooke.
11:24 of 2nd period - Shot Blocked by Kurtis Foster.
11:37 of 2nd period - Icing by Benoit Pouliot.
11:38 of 2nd period - Pavel Datsyuk wins face-off versus Mike Richards in Jets zone.
11:43 of 2nd period - Snap shot by Max Pacioretty.
11:43 of 2nd period - Stopped by Jonathan Bernier with a rebound.
12:02 of 2nd period - Off-side.
12:03 of 2nd period - Mike Comrie wins face-off versus Derek Roy in neutral zone.
13:08 of 2nd period - Derek Stepan is hit by Rostislav Olesz.
13:20 of 2nd period - Icing by Rostislav Olesz.
13:21 of 2nd period - Peter Mueller wins face-off versus Joe Colborne in Blue Jackets zone.
13:21 of 2nd period - Dennis Wideman is hit by Ronalds Kenins and loses puck.
13:46 of 2nd period - Mike Lundin is hit by Erik Haula and loses puck.
13:55 of 2nd period - Snap shot by Erik Haula.
13:55 of 2nd period - Stopped by Rick DiPietro with a rebound.
13:57 of 2nd period - Slapshot by Derek Stepan.
13:57 of 2nd period - Shot Misses the Net.
13:59 of 2nd period - Slapshot by Jacob Trouba.
13:59 of 2nd period - Shot Misses the Net.
14:41 of 2nd period - Slapshot by Lee Stempniak.
14:41 of 2nd period - Shot Blocked by Andreas Nodl.
14:50 of 2nd period - Off-side.
14:51 of 2nd period - Derek Stepan wins face-off versus Kevin Porter in neutral zone.
14:58 of 2nd period - Snap shot by Corey Perry.
14:58 of 2nd period - Shot Blocked by Kevin Porter.
15:05 of 2nd period - Minor Penalty to Tyler Myers for Roughing.
15:06 of 2nd period - Pavel Datsyuk wins face-off versus Erik Haula in Jets zone.
15:19 of 2nd period - Max Pacioretty is hit by Erik Haula and loses puck.
15:36 of 2nd period - Mike Comrie is hit by Nino Niederreiter and loses puck.
16:04 of 2nd period - Jacob Trouba is hit by Mike Comrie and loses puck.
16:19 of 2nd period - Snap shot by Mike Richards.
16:19 of 2nd period - Stopped by Rick DiPietro without a rebound.
16:20 of 2nd period - Pavel Datsyuk wins face-off versus Derek Roy in Blue Jackets zone.
17:05 of 2nd period - Penalty to Tyler Myers is over, Tyler Myers is back on ice.
17:31 of 2nd period - Tyler Myers is hit by Mike Lundin.
18:30 of 2nd period - Oscar Klefbom is hit by Max Pacioretty and loses puck.
18:37 of 2nd period - Oscar Klefbom is hit by Max Pacioretty and loses puck.
19:08 of 2nd period - Snap shot by Tyler Kennedy.
19:08 of 2nd period - Shot Misses the Net.
19:10 of 2nd period - Slapshot by Tyler Kennedy.
19:10 of 2nd period - Stopped by Jonathan Bernier without a rebound.
19:11 of 2nd period - Derek Roy wins face-off versus Peter Mueller in Jets zone.
19:22 of 2nd period - Snap shot by Matt Cooke.
19:22 of 2nd period - Stopped by Rick DiPietro without a rebound.
19:23 of 2nd period - Pavel Datsyuk wins face-off versus Mike Richards in Blue Jackets zone.
19:23 of 2nd period - Pavel Datsyuk is hit by Nino Niederreiter.
Goals for this period are 0 for Blue Jackets vs 1 for Jets.
Shots for this period are 7 for Blue Jackets vs 11 for Jets.
3rd period
0:01 of 3rd period - Mike Richards wins face-off versus Pavel Datsyuk in neutral zone.
0:32 of 3rd period - Wrist shot by Andreas Nodl.
0:32 of 3rd period - Stopped by Jonathan Bernier with a rebound.
0:34 of 3rd period - Slapshot by Mike Lundin.
0:34 of 3rd period - Shot Misses the Net.
0:36 of 3rd period - Snap shot by Mike Comrie.
0:36 of 3rd period - Stopped by Jonathan Bernier with a rebound.
0:38 of 3rd period - Wrist shot by Andreas Nodl.
0:38 of 3rd period - Stopped by Jonathan Bernier with a rebound.
0:54 of 3rd period - Derek Roy is hit by Tyler Kennedy and loses puck.
1:11 of 3rd period - Pavel Datsyuk is hit by Jacob Trouba and loses puck.
1:30 of 3rd period - Slapshot by Branislav Mezei.
1:30 of 3rd period - Shot Misses the Net.
1:32 of 3rd period - Wrist shot by Mike Comrie.
1:32 of 3rd period - Goal by Mike Comrie - Blue Jackets : 1 - Jets : 2.
1:33 of 3rd period - Mike Richards wins face-off versus Pavel Datsyuk in neutral zone.
1:45 of 3rd period - Snap shot by Mike Richards.
1:45 of 3rd period - Stopped by Rick DiPietro with a rebound.
1:59 of 3rd period - Mike Comrie is hit by Eric Gelinas and loses puck.
2:08 of 3rd period - Dennis Wideman is hit by Corey Perry.
2:26 of 3rd period - Snap shot by Tyler Kennedy.
2:26 of 3rd period - Stopped by Jonathan Bernier with a rebound.
2:38 of 3rd period - Minor Penalty to Dennis Wideman for Interference.
2:39 of 3rd period - Derek Stepan wins face-off versus Pavel Datsyuk in Blue Jackets zone.
2:42 of 3rd period - Backhand shot by Derek Stepan.
2:42 of 3rd period - Stopped by Rick DiPietro without a rebound.
2:43 of 3rd period - Derek Stepan wins face-off versus Pavel Datsyuk in Blue Jackets zone.
3:14 of 3rd period - Branislav Mezei is hit by Mike Richards and loses puck.
4:07 of 3rd period - Marco Scandella is hit by Mike Lundin and loses puck.
4:38 of 3rd period - Penalty to Dennis Wideman is over, Dennis Wideman is back on ice.
4:49 of 3rd period - Snap shot by Joe Colborne.
4:49 of 3rd period - Shot Blocked by Branislav Mezei.
4:51 of 3rd period - Snap shot by Jacob Trouba.
4:51 of 3rd period - Stopped by Rick DiPietro without a rebound.
4:52 of 3rd period - Peter Mueller wins face-off versus Joe Colborne in Blue Jackets zone.
5:05 of 3rd period - Snap shot by Rostislav Olesz.
5:05 of 3rd period - Stopped by Jonathan Bernier without a rebound.
5:06 of 3rd period - Pavel Datsyuk wins face-off versus Derek Stepan in Jets zone.
5:38 of 3rd period - Minor Penalty to Max Pacioretty for Roughing.
5:39 of 3rd period - Pavel Datsyuk wins face-off versus Benoit Pouliot in Blue Jackets zone.
7:38 of 3rd period - Penalty to Max Pacioretty is over, Max Pacioretty is back on ice.
7:46 of 3rd period - Tyler Kennedy is hit by Kevin Hayes and loses puck.
8:05 of 3rd period - Matt Cooke is hit by Andreas Nodl and loses puck.
8:29 of 3rd period - Erik Haula is hit by Pavel Datsyuk.
9:50 of 3rd period - Rostislav Olesz is hit by Eric Gelinas and loses puck.
10:26 of 3rd period - Matt Cooke is hit by Max Pacioretty and loses puck.
10:55 of 3rd period - Erik Haula is hit by Peter Mueller and loses puck.
11:06 of 3rd period - Wrist shot by Andreas Nodl.
11:06 of 3rd period - Stopped by Jonathan Bernier with a rebound.
11:08 of 3rd period - Wrist shot by Andreas Nodl.
11:08 of 3rd period - Stopped by Jonathan Bernier without a rebound.
11:09 of 3rd period - Mike Richards wins face-off versus Mike Comrie in Jets zone.
11:18 of 3rd period - Snap shot by Mike Comrie.
11:18 of 3rd period - Stopped by Jonathan Bernier with a rebound.
11:57 of 3rd period - Kevin Hayes is hit by Peter Mueller and loses puck.
12:30 of 3rd period - Backhand shot by Matt Cooke.
12:30 of 3rd period - Shot Misses the Net.
12:32 of 3rd period - Snap shot by Lee Stempniak.
12:32 of 3rd period - Shot Misses the Net.
12:34 of 3rd period - Slapshot by Marco Scandella.
12:34 of 3rd period - Stopped by Rick DiPietro without a rebound.
12:35 of 3rd period - Matt Cooke wins face-off versus Pavel Datsyuk in Blue Jackets zone.
12:36 of 3rd period - Wrist shot by Derek Roy.
12:36 of 3rd period - Goal by Derek Roy - Blue Jackets : 1 - Jets : 3.
12:37 of 3rd period - Pavel Datsyuk wins face-off versus Derek Stepan in neutral zone.
13:10 of 3rd period - Mike Comrie is hit by Tyler Myers and loses puck.
14:14 of 3rd period - Eric Gelinas is hit by Max Pacioretty and loses puck.
14:20 of 3rd period - Minor Penalty to Pavel Datsyuk for Slashing.
14:21 of 3rd period - Derek Stepan wins face-off versus Rostislav Olesz in Blue Jackets zone.
16:20 of 3rd period - Penalty to Pavel Datsyuk is over, Pavel Datsyuk is back on ice.
16:46 of 3rd period - Minor Penalty to Pavel Datsyuk for Tripping.
16:47 of 3rd period - Rostislav Olesz wins face-off versus Mike Richards in Blue Jackets zone.
17:53 of 3rd period - Kevin Porter is hit by Derek Roy and loses puck.
18:46 of 3rd period - Penalty to Pavel Datsyuk is over, Pavel Datsyuk is back on ice.
18:53 of 3rd period - Icing by Kurtis Foster.
18:54 of 3rd period - Kevin Porter wins face-off versus Mike Richards in Blue Jackets zone.
19:09 of 3rd period - Slapshot by Max Pacioretty.
19:09 of 3rd period - Shot Misses the Net.
19:11 of 3rd period - Slapshot by Ryan Wilson.
19:11 of 3rd period - Deflect By Erik Haula.
19:11 of 3rd period - Stopped by Jonathan Bernier without a rebound.
19:12 of 3rd period - Peter Mueller wins face-off versus Derek Stepan in Jets zone.
19:19 of 3rd period - Slapshot by Tyler Kennedy.
19:19 of 3rd period - Deflect By Peter Mueller.
19:19 of 3rd period - Stopped by Jonathan Bernier without a rebound.
19:20 of 3rd period - Derek Stepan wins face-off versus Peter Mueller in Jets zone.
19:25 of 3rd period - Off-side.
19:26 of 3rd period - Derek Stepan wins face-off versus Kevin Porter in neutral zone.
19:29 of 3rd period - Snap shot by Corey Perry.
19:29 of 3rd period - Shot Blocked by Dennis Wideman.
19:39 of 3rd period - Marco Scandella is hit by Pavel Datsyuk.
Goals for this period are 1 for Blue Jackets vs 1 for Jets.
Shots for this period are 11 for Blue Jackets vs 5 for Jets.
Back to the Top